 Dungeon Crawl Stone Soup version 0.24-b1-48-gd9db55c (webtiles) character file.

Game seed: 8571072649134154268, levelgen mode: deterministic

37310 Fang the Severer (level 13, -6/130 HPs)
             Began as a Gargoyle Berserker on Oct 24, 2019.
             Was a High Priest of Trog.
             Mangled by an entropy weaver (8 damage)
             ... on level 5 of the Lair of Beasts.
             The game lasted 00:23:14 (16841 turns).

Fang the Severer (Gargoyle Berserker)              Turns: 16841, Time: 00:23:14

Health: -6/130     AC: 10    Str: 31    XL:     13   Next: 95%
Magic:  0/22       EV:  9    Int:  8    God:    Trog [*****.]
Gold:   1157       SH:  0    Dex:  9    Spells: 12/12 levels left

rFire    + . .     SeeInvis .   E - +5 executioner's axe (flame)
rCold    . . .     Gourm    .   (shield currently unavailable)
rNeg     + . .     Faith    .   b - +0 plate armour
rPois    ∞         Spirit   +   C - +2 helmet
rElec    +         Reflect  .   (no cloak)
rCorr    .         Harm     .   (no gloves)
MR       .....                  (no boots)
Stlth    ..........             N - amulet of guardian spirit
HPRegen  0.31/turn              F - ring of protection from fire
MPRegen  0.18/turn              e - ring of magical power

@: berserking, corroded, very quick
A: negative energy resistance 1, electricity resistance, unbreathing,
petrification resistance, rot immunity, AC +9
a: Berserk, Trog's Hand, Brothers in Arms, Renounce Religion


You were on level 5 of the Lair of Beasts.
You worshipped Trog.
Trog was extremely pleased with you.
You were near starving.

You visited 3 branches of the dungeon, and saw 18 of its levels.

You collected 1162 gold pieces.
You spent 5 gold pieces at shops.

Inventory:

Hand Weapons
 a - a +2 battleaxe
 q - a +4 battleaxe of holy wrath
 E - a +5 executioner's axe of flaming (weapon)
 M - a +5 broad axe of flaming
Armour
 b - a +0 plate armour (worn)
 C - a +2 helmet (worn)
Jewellery
 e - a ring of magical power (right hand)
 u - an uncursed amulet of the gourmand
 y - an uncursed amulet of rage
 F - a ring of protection from fire (left hand)
 N - an amulet of guardian spirit (around neck)
 O - an uncursed ring of stealth {unknown}
Wands
 f - a wand of random effects (33)
 i - a wand of enslavement (17)
 k - a wand of polymorph (15)
 p - a wand of flame (28)
 z - a wand of clouds (5)
 A - a wand of iceblast (7)
 G - a wand of paralysis (12)
 H - a wand of disintegration (40)
 L - a wand of acid (13)
Scrolls
 g - 3 scrolls of blinking
 j - 2 scrolls of acquirement
 n - 8 scrolls of remove curse
 o - 4 scrolls of magic mapping
 s - 7 scrolls of teleportation
 w - a scroll of immolation
 J - 4 scrolls of identify
 Q - a scroll of fear
Potions
 d - 6 potions of curing
 h - a potion of mutation {unknown}
 l - 4 potions of lignification
 m - 5 potions of heal wounds
 r - 2 potions of ambrosia {unknown}
 t - a potion of invisibility
 v - a potion of magic {unknown}
 x - a potion of berserk rage
 B - a potion of haste
 D - a potion of flight
 I - 2 potions of resistance {unknown}
 P - 2 potions of agility
Comestibles
 c - 37 rations


   Skills:
 * Level 12.4 Fighting
 * Level 16.6 Axes
 + Level 8.6 Armour
 + Level 3.9 Dodging
 + Level 1.6 Stealth
 + Level 0.2 Unarmed Combat


You had 12 spell levels left.
You didn't know any spells.
Your spell library was empty.

Dungeon Overview and Level Annotations

Branches:
Dungeon (11/15)            Temple (1/1) D:4            Lair (6/6) D:9
  Swamp (0/4) Lair:3        Snake (0/4) Lair:4          Orc (0/2) D:9
  Slime: Lair:5-6

Altars:
Ashenzari
Cheibriados
Dithmenos
Elyvilon
Fedhas
Gozag
Hepliaklqana
Kikubaaqudgha
Okawaru
Qazlal
Ru
Trog
Uskayaw
Wu Jian
Xom
Yredelemnul
Zin
The Shining One

Shops:
D:6 *(}*   D:10 %

Annotations:
Lair:2 exclusion: 3 oklob plants


Innate Abilities, Weirdness & Mutations

You are resistant to torment.
Your stone body is resilient. (AC +9)
You are immune to poison.
You resist negative energy. (rN+)
You are resistant to electric shocks. (rElec)
You can survive without breathing.
You are immune to petrification.
You are immune to rotting.


Message History

You slash the entropy weaver! You burn the entropy weaver.
The entropy weaver is moderately wounded.
The entropy weaver barely misses you.
The entropy weaver hits you but does no damage.
The entropy weaver barely misses you.
The entropy weaver hits you but does no damage.
Your plate armour prevents you from hitting the entropy weaver.
The entropy weaver is moderately wounded.
You barely miss the entropy weaver.
The entropy weaver is moderately wounded.
The entropy weaver casts a spell.
The entropic weave corrodes you!
You slice the entropy weaver!! You burn the entropy weaver.
The entropy weaver is severely wounded.
The entropy weaver hits you.
* * * LOW HITPOINT WARNING * * *
The entropy weaver hits you.
* * * LOW HITPOINT WARNING * * *
The entropy weaver hits you!
You die...

#....♣♣.P♣ #......## ##...##
#....♣♣..♣ #.......###...###
##....♣♣.♣♣♣# ##......#......#.
............# #.............##
#..........### ##......##...♣#.
.............## #....#.##..♣♣..
###.........#.#####..##.##♣.♣PP.♣
##...........#..#...####..♣♣♣..♣
#..>........##.@...#.#....♣.P..♣
##.............a.#.........♣♣P.PP
#....P..........##P.........♣.♣PP
##..P...#.#..#..###...........♣♣.
.#.....########.# #............♣P
#.......# ### ##.........>.♣♣
........#### ##...........♣
...........# #.........[..
...........# #### ##...........


You could see an entropy weaver.

Vanquished Creatures
  Snorg (D:11)
  Harold (Lair:2)
  3 hydras
  A two-headed ogre (D:8)
  A queen ant (Lair:6)
  Nergalle (D:10)
  2 unseen horrors
  The ghost of Morgon the Carver, a novice SpBe of Trog (D:8)
  Pikel (D:7)
  A necromancer (Lair:3)
  10 elephants
  Joseph (D:7)
  2 black mambas
  11 spiny frogs
  A rime drake (Lair:2)
  4 komodo dragons
  3 polar bears
  A bog body (Lair:3)
  14 blink frogs
  6 hippogriffs
  A spriggan (Lair:2)
  Sigmund (D:2)
  2 wraiths (D:10)
  A vampire (D:11)
  The ghost of Boavvy the Shield-Bearer, an amateur DDFi (D:4)
  3 wyverns
  2 basilisks
  18 yaks
  A hungry ghost (D:9)
  Menkaure (D:5)
  A warg (D:8)
  2 nagas (Lair:4)
  3 swamp worms (Lair:3)
  9 water moccasins
  3 soldier ants (Lair:6)
  10 porcupines
  3 sky beasts
  10 ice beasts
  A black bear (D:8)
  3 slaves (D:7)
  6 orc warriors
  5 phantoms
  4 ogres
  A necrophage (D:6)
  13 crocodiles
  3 centaurs
  2 big kobolds
  13 bullfrogs
  A wyvern zombie (D:6)
  A gnoll sergeant (D:6)
  A wyvern skeleton (D:6)
  6 scorpions
  A water moccasin skeleton (D:9)
  4 killer bees (D:10)
  11 wights
  2 howler monkeys
  An electric eel (Lair:3)
  4 centaur zombies
  5 crimson imps
  4 hounds
  3 jellies
  A bullfrog skeleton (D:7)
  7 orc priests
  Crazy Yiuf (D:7)
  3 centaur skeletons
  Jessica (D:2)
  A gnoll shaman (D:5)
  7 iguanas
  6 orc wizards
  Natasha (D:3)
  19 worker ants
  3 yak simulacra (Lair:3)
  3 wolf simulacra (Lair:3)
  2 polar bear simulacra (Lair:3)
  A hound zombie (D:7)
  A hound skeleton (D:5)
  Robin (D:2)
  17 gnolls
  13 adders
  3 shadow imps
  An ooze (D:5)
  An adder zombie (D:6)
  4 worms
  2 dart slugs (D:2)
  7 leopard geckos
  37 orcs
  9 bats
  8 giant cockroaches
  15 goblins
  15 hobgoblins
  16 jackals
  15 kobolds
  3 quokkas
  A ball python zombie (D:5)
  11 frilled lizards
  A giant cockroach zombie (D:5)
  A jackal skeleton (D:4)
  A jackal zombie (D:8)
  A leopard gecko skeleton (D:7)
  A quokka skeleton (D:9)
  6 rats
  3 river rat simulacra (Lair:3)
  4 fungi
  A plant (Lair:2)
488 creatures vanquished.

Vanquished Creatures (collateral kills)
  A wyvern (Lair:2)
  An orc warrior (D:9)
  A bullfrog skeleton (D:9)
  A worker ant (D:9)
  2 orcs (D:9)
  A hobgoblin (D:9)
7 creatures vanquished.

Vanquished Creatures (others)
  A slave (D:7)
  A wight (D:7)
  An orc wizard (D:6)
  4 fungi
  3 plants (Lair:2)
10 creatures vanquished.

Grand Total: 505 creatures vanquished

Notes
Turn   | Place    | Note
-------+----------+-------------------------------------------
     0 | D:1      | Fang the Gargoyle Berserker began the quest for the Orb.
     0 | D:1      | Reached XP level 1. HP: 14/14 MP: 1/1
   308 | D:1      | Reached XP level 2. HP: 19/19 MP: 2/2
   377 | D:1      | Reached skill level 3 in Axes
   769 | D:1      | Reached XP level 3. HP: 19/24 MP: 3/3
   775 | D:1      | Reached ** piety under Trog
  1222 | D:2      | Noticed Sigmund
  1237 | D:2      | Killed Sigmund
  1237 | D:2      | Reached skill level 4 in Axes
  1237 | D:2      | Reached XP level 4. HP: 26/29 MP: 4/4
  1237 | D:2      | Reached XP level 5. HP: 30/33 MP: 5/5
  1788 | D:2      | Reached XP level 6. HP: 34/39 MP: 6/6
  1857 | D:2      | Noticed Jessica
  1865 | D:2      | Killed Jessica
  1990 | D:2      | Noticed Robin
  1995 | D:2      | Reached *** piety under Trog
  2007 | D:2      | Killed Robin
  2661 | D:3      | Reached skill level 5 in Axes
  3042 | D:3      | Noticed Natasha
  3066 | D:3      | Killed Natasha
  3066 | D:3      | Reached XP level 7. HP: 33/44 MP: 7/7
  3166 | D:3      | Reached **** piety under Trog
  3300 | D:4      | Found a runed translucent gate.
  3300 | D:4      | Found a runed translucent gate.
  3300 | D:4      | Found a runed translucent gate.
  3302 | D:4      | Found an opulent altar of Gozag.
  3304 | D:4      | Noticed Boavvy's ghost (amateur DDFi)
  3380 | D:4      | Killed Boavvy's ghost
  3380 | D:4      | Reached skill level 5 in Fighting
  3380 | D:4      | Reached skill level 6 in Axes
  3380 | D:4      | Reached skill level 1 in Stealth
  3626 | D:4      | Found a staircase to the Ecumenical Temple.
  3736 | Temple   | Entered the Ecumenical Temple
  4090 | D:4      | Found a glowing silver altar of Zin.
  4091 | D:4      | Found a white marble altar of Elyvilon.
  4091 | D:4      | Found a glowing golden altar of the Shining One.
  4450 | D:5      | Entered Level 5 of the Dungeon
  4464 | D:5      | Reached XP level 8. HP: 49/49 MP: 8/8
  4707 | D:5      | Found an ornate altar of the Wu Jian Council.
  4850 | D:5      | Noticed Menkaure
  4862 | D:5      | Killed Menkaure
  4862 | D:5      | Reached skill level 7 in Axes
  5272 | D:5      | Found a snail-covered altar of Cheibriados.
  5580 | D:6      | Reached ***** piety under Trog
  5777 | D:6      | Found Vomagger's General Store.
  5851 | D:6      | Found Daap's Gadget Shoppe.
  5945 | D:6      | Reached skill level 8 in Axes
  5967 | D:6      | Reached skill level 5 in Armour
  5967 | D:6      | Reached XP level 9. HP: 47/55 MP: 9/9
  6053 | D:6      | Received a gift from Trog
  6615 | D:6      | Found Sumyiv's Weapon Emporium.
  6625 | D:6      | Found Curanlis's General Store.
  6883 | D:6      | Bought a cursed +0 war axe for 5 gold pieces
  6981 | D:7      | Noticed Pikel
  6985 | D:7      | Reached skill level 9 in Axes
  7012 | D:7      | Killed Pikel
  7092 | D:7      | Found a bloodstained altar of Trog.
  7370 | D:7      | Reached skill level 10 in Axes
  7445 | D:7      | Noticed Joseph
  7455 | D:7      | Reached XP level 10. HP: 42/64 MP: 10/10
  7458 | D:7      | Killed Joseph
  7727 | D:7      | Found an iron altar of Okawaru.
  7926 | D:7      | Found a runed translucent door.
  7927 | D:7      | Noticed Crazy Yiuf
  7933 | D:7      | Killed Crazy Yiuf
  8199 | D:8      | Found a shimmering altar of Xom.
  8339 | D:8      | Reached skill level 11 in Axes
  8352 | D:8      | Noticed a two-headed ogre
  8372 | D:8      | Killed a two-headed ogre
  8382 | D:8      | Found a hide-covered altar of Uskayaw.
  8725 | D:8      | Found a runed translucent gate.
  8725 | D:8      | Found a runed translucent gate.
  8727 | D:8      | Found a runed translucent gate.
  8730 | D:8      | Noticed Morgon's ghost (novice SpBe)
  8876 | D:8      | Killed Morgon's ghost
  8961 | D:9      | Found a basalt altar of Yredelemnul.
  9078 | D:9      | Reached XP level 11. HP: 31/71 MP: 11/11
  9390 | D:9      | Found a staircase to the Orcish Mines.
  9411 | D:9      | Reached skill level 12 in Axes
  9690 | D:9      | Received a gift from Trog
  9744 | D:9      | Found a hazy altar of Hepliaklqana.
 10041 | D:9      | Found a staircase to the Lair.
 10064 | D:10     | Entered Level 10 of the Dungeon
 10117 | D:10     | Killed an unseen horror
 10455 | D:10     | Found Qoturphoh's Food Shop.
 10665 | D:10     | Noticed Nergalle
 10676 | D:10     | Noticed a spectral orc warlord
 10677 | D:10     | Killed Nergalle
 10677 | D:10     | Reached skill level 13 in Axes
 10902 | D:10     | Identified a scroll of acquirement
 11038 | D:11     | Killed an unseen horror
 11038 | D:11     | Reached skill level 10 in Fighting
 11117 | D:11     | Noticed Snorg
 11125 | D:11     | Killed Snorg
 11213 | D:11     | Received a gift from Trog
 11251 | D:11     | Found a frozen archway.
 11265 | D:11     | Reached XP level 12. HP: 77/77 MP: 12/12
 11640 | D:11     | Reached skill level 14 in Axes
 11834 | Lair:1   | Entered Level 1 of the Lair of Beasts
 13093 | Lair:2   | HP: 5/118 [komodo dragon (8)]
 13096 | Lair:2   | HP: 2/118 [komodo dragon (4)]
 13220 | Lair:2   | Found a gate leading to a gauntlet.
 13647 | Lair:2   | Noticed Harold
 13657 | Lair:2   | Killed Harold
 13666 | Lair:2   | Reached skill level 15 in Axes
 14205 | Lair:3   | Reached XP level 13. HP: 43/84 MP: 12/13
 14404 | Lair:3   | Received a gift from Trog
 14916 | Lair:3   | Found a staircase to the Swamp.
 15384 | Lair:4   | Reached skill level 16 in Axes
 15459 | Lair:4   | Found a staircase to the Snake Pit.
 16787 | Lair:6   | Entered Level 6 of the Lair of Beasts
 16797 | Lair:6   | Noticed an entropy weaver
 16798 | Lair:6   | Noticed an entropy weaver
 16841 | Lair:5   | HP: 5/130 [entropy weaver (3)]
 16841 | Lair:5   | HP: 2/130 [entropy weaver (3)]
 16841 | Lair:5   | Mangled by an entropy weaver

Skill      XL: |  1  2  3  4  5  6  7  8  9 10 11 12 13 |
---------------+----------------------------------------+-----
Axes           | 3 4 5 6 8 10 11 13 15 16 | 16.6
Fighting       | 4 5 6 7 9 10 11 12 | 12.4
Dodging        | 2 3 |  3.9
Armour         | 3 4 5 6 7 8 |  8.6
Stealth        | 1 |  1.6
Unarmed Combat | |  0.2

Action                   |  1- 3 |  4- 6 |  7- 9 | 10-12 | 13-15 || total
-------------------------+-------+-------+-------+-------+-------++-------
Melee: Hand axe          |   129 |   220 |   428 |       |       ||   777
       Unarmed           |       |    15 |       |       |       ||    15
       War axe           |       |       |   112 |   146 |       ||   258
       Battleaxe         |       |       |       |   148 |       ||   148
       Broad axe         |       |       |       |   118 |       ||   118
       Executioner's axe |       |       |       |   225 |   234 ||   459
Invok: Berserk           |     1 |     1 |     5 |     8 |     2 ||    17
       Brothers in Arms  |       |       |       |     1 |       ||     1
       Trog's Hand       |       |       |       |     2 |       ||     2
  Use: Scroll            |       |       |       |    22 |     5 ||    27
  Eat: Chunk             |     1 |     8 |    24 |    35 |     9 ||    77
       Ration            |       |       |     1 |       |       ||     1
Armor: Animal skin       |    46 |       |       |       |       ||    46
       Chain mail        |     6 |   184 |   363 |   323 |       ||   876
       Plate armour      |       |       |       |   285 |   250 ||   535
Dodge: Dodged            |    77 |   130 |   238 |   319 |   122 ||   886
